 Dungeon Crawl Stone Soup version 0.31-a0-369-g8eba5f6939 (webtiles) character file.

Game seed: 15323835127855595118

119490 pokeman the Sorcerer (level 16, -5/90 HPs)
             Began as a Deep Elf Hedge Wizard on July 28, 2023.
             Was the Champion of Vehumet.
             Killed from afar by Nikola (49 damage)
             ... with a bolt of lightning
             ... on level 3 of the Shoals.
             The game lasted 01:20:14 (32678 turns).

pokeman the Sorcerer (Deep Elf Hedge Wizard)       Turns: 32678, Time: 01:20:14

Health: -5/90      AC: 14    Str:  7    XL:     16   Next: 27%
Magic:  27/54      EV: 12    Int: 28    God:    Vehumet [******]
Gold:   2931       SH:  6    Dex: 20    Spells: 16/62 levels left

rFire   + . .        q - staff of conjuration
rCold   x . .        J - +0 buckler
rNeg    . . .        I - +0 troll leather armour
rPois   .            i - +0 helmet
rElec   .            w - +1 cloak
rCorr   .            M - +1 pair of gloves
SInv    .            n - +2 pair of boots {Stlth+}
Will    +....        a - amulet of magic regeneration
Stlth   +++          N - ring "Vaceimum" {MP+9 Dex+6}
HPRegen 1.15/turn    g - ring of fire
MPRegen 0.74/turn

%: no passive effects
@: mesmerised
A: no striking features
a: Renounce Religion


You were on level 3 of the Shoals.
You worshipped Vehumet.
Vehumet was exalted by your worship.
You visited 5 branches of the dungeon, and saw 26 of its levels.
You also visited: Ossuary.

You collected 3738 gold pieces.
You spent 807 gold pieces at shops.

Inventory:

Hand Weapons
 x - the +10 hand axe of Armageddon {drain, Int+3}
   (You found it on level 5 of the Dungeon)

   Int:       It affects your intelligence (+3).
Missiles
 j - 11 curare-tipped darts
Armour
 i - a +0 helmet (worn)
 n - a +2 pair of boots of stealth (worn)
 w - a +1 cloak (worn)
 I - a +0 troll leather armour (worn)
 J - a +0 buckler (worn)
 M - a +1 pair of gloves (worn)
Magical Staves
 o - a staff of cold
 q - a staff of conjuration (weapon)
 Q - the staff "Tusm" {rC+ SInv Ice Earth}
   (You found it on level 5 of the Lair of Beasts)

   [staff of cold]

   Base accuracy: +5 Base damage: 5 Base attack delay: 1.2 This weapon's minimum
   attack delay (0.6) is reached at skill level 12.
   rC:        It protects you from cold.
   SInv:      It lets you see invisible.
   Ice:       It increases the power of your Ice spells.
   Earth:     It increases the power of your Earth spells.
   It falls into the 'Staves' category.
   It is a one-handed weapon.
Jewellery
 a - an amulet of magic regeneration (around neck)
 c - a ring of flight
 g - a ring of fire (right hand)
 N - the ring "Vaceimum" (left hand) {MP+9 Dex+6}
   (You found it on level 4 of the Lair of Beasts)

   [ring of dexterity]

   Dex:       It affects your dexterity (+6).
   MP:        It affects your magic capacity (+9).
Wands
 r - a wand of flame (11)
 u - a wand of acid (7)
 y - a wand of mindburst (8)
 F - a wand of paralysis (16)
 K - a wand of iceblast (8)
Scrolls
 b - a scroll of fear
 h - 2 scrolls of identify
 l - 11 scrolls of teleportation
 s - 7 scrolls of revelation
 t - a scroll of amnesia
 D - 2 scrolls of blinking
Potions
 d - 2 potions of magic
 k - 11 potions of curing
 m - 6 potions of heal wounds
 p - a potion of brilliance
 C - 4 potions of resistance
 G - 5 potions of haste
 O - a potion of might
 P - a potion of invisibility
Miscellaneous
 e - a box of beasts
 f - a lightning rod (4/4)
 v - a phantom mirror


   Skills:
 + Level 6.7 Fighting
 - Level 6.2 Armour
 - Level 3.0 Dodging
 - Level 3.1 Stealth
 - Level 6.3 Shields
 * Level 23.6 Spellcasting
 + Level 14.6 Conjurations
 - Level 1.1 Summonings
 - Level 7.2 Necromancy
 - Level 1.1 Translocations
 - Level 2.0 Transmutations
 + Level 13.0 Fire Magic
 - Level 2.3 Ice Magic
 - Level 1.0 Air Magic
 - Level 1.0 Earth Magic
 - Level 1.0 Poison Magic
 - Level 1.0 Evocations


You had 16 spell levels left.
You knew the following spells:

 Your Spells              Type           Power      Damage    Failure   Level
a - Magic Dart            Conj           100%       1d8       0%          1
b - Mephitic Cloud        Conj/Pois/Air  77%        N/A       1%          3
c - Call Imp              Summ           78%        N/A       1%          2
d - Blink                 Tloc           78%        N/A       1%          2
e - Fireball              Conj/Fire      64%        3d24      1%          5
f - Freezing Cloud        Conj/Ice/Air   39%        6-21      1%          5
g - Stone Arrow           Conj/Erth      100%       3d13      1%          3
h - Irradiate             Conj/Tmut      44%        3d26      1%          5
i - Swiftness             Air            38%        N/A       4%          3
j - Flame Wave            Conj/Fire      100%       2d21      1%          4
k - Ignition              Fire           51%        3d14      17%         8
l - Lee's Rapid Deconstr  Erth           19%        3d11*     11%         5

Your spell library contained the following spells:

 Spells                   Type           Power      Damage    Failure   Level
 Spellforged Servitor     Conj/Summ      43%        N/A       17%         7
 Necrotise                Necr           100%       1d9       1%          1
 Shock                    Conj/Air       100%       1d9       1%          1
 Slow                     Hex            100%       N/A       1%          1
 Cigotuvi's Dreadful Rot  Necr/Pois/Air  100%       N/A       1%          2
 Ensorcelled Hibernation  Hex/Ice        78%        N/A       1%          2
 Lesser Beckoning         Tloc           78%        N/A       1%          2
 Momentum Strike          Conj/Tloc      100%       3d10      1%          2
 Poisonous Vapours        Pois/Air       76%        N/A       1%          2
 Static Discharge         Conj/Air       100%       2-7/arc   1%          2
 Sublimation of Blood     Necr           65%        N/A       1%          2
 Wereblood                Tmut           44%        N/A       1%          2
 Ignite Poison            Fire/Tmut/Pois 76%        N/A       1%          3
 Inner Flame              Hex/Fire       81%        N/A       1%          3
 Vampiric Draining        Necr           65%        2d10      1%          3
 Sticky Flame             Conj/Fire      100%       2d11      1%          4
 Ozocubu's Armour         Ice            46%        N/A       2%          3
 Agony                    Necr           65%        N/A       3%          5
 Leda's Unmaking          Conj/Erth      43%        9d7       3%          6
 Call Canine Familiar     Summ           39%        N/A       4%          3
 Portal Projectile        Hex/Tloc       72%        N/A       4%          3
 Airstrike                Air            19%        2d(3-19)  4%          4
 Anguish                  Hex/Necr       26%        N/A       4%          4
 Borgnjor's Vile Clutch   Necr/Erth      27%        N/A       11%         5
 Animate Armour           Summ/Erth      78%        N/A       14%         4
 Summon Lightning Spire   Summ/Air       39%        N/A       14%         4
 Leda's Liquefaction      Hex/Erth       17%        N/A       17%         4
 Cause Fear               Hex            16%        N/A       21%         4
 Alistair's Intoxication  Tmut/Pois      27%        N/A       30%         5
 Metabolic Englaciation   Hex/Ice        19%        N/A       34%         5
 Eringya's Noxious Bog    Tmut/Pois      20%        4d6       38%         6
 Simulacrum               Ice/Necr       28%        N/A       41%         6
 Summon Mana Viper        Hex/Summ       36%        N/A       43%         5
 Lehudib's Crystal Spear  Conj/Erth      43%        10d10     78%         8
 Enfeeble                 Hex            16%        N/A       100%        7
 Summon Hydra             Summ           19%        N/A       100%        7


Dungeon Overview and Level Annotations

Branches:
Dungeon (15/15)            Temple (1/1) D:4            Lair (5/5) D:11
 Shoals (3/4) Lair:3        Snake (0/4) Lair:3        Slime (0/5) Lair:5
    Orc (2/2) D:11            Elf (0/3) Orc:2        Vaults (0/5) D:13
 Depths (0/4) D:15        Ossuary (visited)

Altars:
Ashenzari
Cheibriados
Dithmenos
Elyvilon
Fedhas
Gozag
Hepliaklqana
Kikubaaqudgha
Makhleb
Nemelex Xobeh
Okawaru
Qazlal
Ru
Sif Muna
Trog
Uskayaw
Vehumet
Wu Jian
Xom
Yredelemnul
Zin
The Shining One
Jiyva
Lugonu

Shops:
D:7 [   Orc:2 [[(=[

Portals:
Abyss: D:7 D:8

Annotations:
Shoals:1 6 transporters
Shoals:3 Nikola, Polyphemus
Orc:1 1 runed translucent door


Message History

The plant is engulfed in freezing vapours.
A nearby plant withers and dies.
The plant is engulfed in freezing vapours.
A nearby plant withers and dies.
The plant is engulfed in freezing vapours.
A nearby plant withers and dies.
Nikola is engulfed in freezing vapours.
Casting: Stone Arrow (safe; 1% risk of failure)
Confirm with . or Enter, or press ? or * to list all spells.
Aiming: Stone Arrow (safe; 1% risk of failure)
Press: ? - help, Shift-Dir - straight line, f/p - Nikola
Aim: Nikola, wielding a +4 rapier of electrocution, wearing a +0 cloak and wearing a +0 pair of gloves (freezing vapour, severely wounded, 81% to hit)
You feel a surge of power!
The stone arrow misses Nikola.
A merfolk avatar comes into view.
Nikola is engulfed in freezing vapours.
Casting: Stone Arrow (safe; 1% risk of failure)
Confirm with . or Enter, or press ? or * to list all spells.
Aiming: Fireball (safe; 1% risk of failure)
Press: ? - help, Shift-Dir - straight line, f/p - Nikola
Aim: Nikola, wielding a +4 rapier of electrocution, wearing a +0 cloak and wearing a +0 pair of gloves (severely wounded)
You feel a strong surge of power!
The fireball explodes!
The fireball engulfs Nikola!!
Nikola is almost dead.
You hear a sizzling sound!
The merfolk avatar is engulfed in freezing vapours.
Unknown command.
Unknown command.
Casting: Fireball (safe; 1% risk of failure)
Confirm with . or Enter, or press ? or * to list all spells.
Aiming: Fireball (safe; 1% risk of failure)
Press: ? - help, Shift-Dir - straight line, p - Nikola You feel a strong surge of power!
The fireball explodes!
The fireball engulfs Nikola.
Nikola is almost dead.
The merfolk avatar chants a haunting song.
You are mesmerised by the merfolk avatar!
Nikola is engulfed in a cloud of scalding steam.
Nikola gestures at you while chanting. The bolt of lightning misses you.
The bolt of lightning hits you!!!
Ouch! That really hurt!
You die...

!~~≈≈≈≈≈~~.# #..P.# #...
.~~~~≈≈≈~~.# #..###§§..
.~~~~~≈≈~~.## #.P§§§m...
~~~~~~≈≈≈~(.# #..P§§§~..
~~~~~~≈~...# ##.§§○§~~.
~~~~≈≈~~(.# ##.~§○☼~~P
≈≈≈≈≈≈~.### ##..§.§§~~~
≈≈≈≈≈~~.# ####.@§§.~~~~≈
≈≈≈≈≈~~.####...@§§~~~~~≈≈
≈≈≈≈≈~~...#...~~§§~~~~≈≈≈
≈≈≈≈≈≈~<..##..~~~)≈≈≈≈≈≈≈
≈≈≈≈≈≈~..####†~~~≈≈≈≈≈≈≈≈
≈≈≈≈≈≈~~.####.~~≈≈≈≈≈≈≈≈≈
≈≈≈≈≈≈~~..#...~~≈≈≈≈≈≈≈≈≈
≈≈≈≈≈≈~~~....~~~≈≈≈≈≈≈≈≈≈
≈≈≈≈≈≈≈~~~~~~~~≈≈≈≈≈≈≈≈≈≈
≈≈≈≈≈≈≈≈~~~~~~≈≈≈≈≈≈≈≈≈≈≈


You could see Nikola and a merfolk avatar (mesmerising).

Vanquished Creatures
  An orc warlord (Orc:2)
  4 merfolk impalers
  The ghost of lunkers the Martial Artist, a journeyman MeSh of Trog (Lair:2)
  5 hydras
  An ogre mage (D:15)
  2 ice dragons (D:15)
  3 catoblepae
  4 two-headed ogres
  3 centaur warriors (D:15)
  A merfolk aquamancer (Shoals:2)
  A satyr (Shoals:2)
  5 boulder beetles
  18 death yaks
  A deep troll shaman (Lair:5)
  2 orc high priests (Orc:2)
  The ghost of lessens the Cleaver, a novice DsFi of Trog (D:8)
  Urug (D:11)
  The ghost of jasper the Nimble, a journeyman SpEE of Sif Muna (Lair:1)
  Sonja (Orc:1)
  5 skysharks
  5 sea snakes
  8 skeletal warriors (D:13)
  6 harpies
  A deep elf archer (D:15)
  2 lindwurms (Lair:5)
  2 deep elf pyromancers
  4 orc knights
  2 ugly things
  2 wolf spider zombies (D:13)
  A necromancer (D:13)
  12 fauns
  4 orc sorcerers
  A wolf spider (D:15)
  16 manticores
  5 elephants
  An ice statue (D:12)
  4 centaur zombies (D:13)
  9 merfolk sirens
  8 cyclopes
  4 black mambas
  A torpor snail (Lair:5)
  A water nymph (Shoals:1)
  A gargoyle (D:12)
  12 cane toads
  Psyche (D:12)
  8 komodo dragons
  2 kobold demonologists
  3 rime drakes
  A yaktaur (D:15)
  A tengu conjurer (D:13)
  6 ice devils (D:12)
  A troll (shapeshifter) (D:15)
  4 trolls
  9 merfolk
  A meliai (D:15)
  A tarantella (shapeshifter) (D:15)
  3 polar bears (Lair:5)
  21 blink frogs
  2 wind drakes
  8 dream sheep
  3 hornets
  2 snapping turtles
  9 slime creatures
  A jumping spider (shapeshifter) (D:13)
  2 shadows
  3 centaur simulacra
  11 water elementals
  4 wraiths
  2 vampires
  4 wyverns
  32 yaks
  4 basilisks
  A vampire mosquito (D:15)
  3 steam dragons
  Edmund (D:6)
  A warg (Orc:2)
  An acid dragon (D:10)
  6 nagas (Lair:3)
  The ghost of anansati the Cutter, an amateur VSFi (D:3)
  15 water moccasins
  3 ice beasts
  3 black bears
  37 orc warriors
  3 ogres
  3 centaurs
  17 wolves
  5 kobold brigands
  8 bullfrogs
  4 gnoll sergeants
  3 scorpions
  A small abomination (D:8)
  16 wights
  3 killer bees (D:6)
  3 electric eels
  2 howler monkeys (D:9)
  4 hounds
  6 jellies
  A quasit (D:8)
  A gnoll bouda (D:4)
  27 orc priests
  3 sleepcaps
  6 iguanas
  23 orc wizards
  8 mummies (Ossuary)
  4 adders
  30 gnolls
  4 shadow imps
  6 white imps
  10 ufetubi
  2 dart slugs
  103 orcs
  8 bats
  4 endoplasms
  3 giant cockroaches
  13 goblins
  16 hobgoblins
  4 jackals
  5 quokkas
  6 ball pythons
  16 frilled lizards
  A gnoll zombie (Ossuary)
  A hobgoblin zombie (Ossuary)
  25 kobolds
  3 kobold zombies (Ossuary)
  3 orc zombies (Ossuary)
  8 rats
816 creatures vanquished.

Vanquished Creatures (collateral kills)
  A sleepcap (D:4)
  An orc (Orc:2)
  2 jackals (D:1)
  A kobold (D:1)
5 creatures vanquished.

Grand Total: 821 creatures vanquished

Notes
Turn   | Place    | Note
-------+----------+-------------------------------------------
     0 | D:1      | pokeman the Deep Elf Hedge Wizard began the quest for the
                  | Orb.
     0 | D:1      | Reached XP level 1. HP: 10/10 MP: 7/7
   232 | D:1      | Reached XP level 2. HP: 16/16 MP: 3/9
   927 | D:1      | Reached skill level 5 in Spellcasting
  1200 | D:1      | Reached XP level 3. HP: 20/20 MP: 5/11
  1204 | D:1      | Learned a level 3 spell: Mephitic Cloud
  1207 | D:1      | Learned a level 2 spell: Call Imp
  1210 | D:1      | Learned a level 2 spell: Blink
  1727 | D:2      | Found a radiant altar of Vehumet.
  1733 | D:2      | Became a worshipper of Vehumet
  1870 | D:2      | Reached skill level 1 in Fighting
  1896 | D:2      | Reached skill level 1 in Armour
  2388 | D:2      | Reached XP level 4. HP: 25/25 MP: 9/13
  2447 | D:2      | Reached * piety under Vehumet
  2447 | D:2      | Offered knowledge of Shock by Vehumet.
  2718 | D:3      | Found a faded altar of an unknown god.
  2830 | D:3      | Noticed anansati's ghost (amateur VSFi)
  2831 | D:3      | Found a runed translucent door.
  3217 | D:3      | Reached skill level 6 in Spellcasting
  3217 | D:3      | Reached XP level 5. HP: 29/29 MP: 8/15
  3872 | D:3      | Reached ** piety under Vehumet
  3872 | D:3      | Offered knowledge of Sandblast by Vehumet.
  4585 | D:4      | Found a staircase to the Ecumenical Temple.
  4618 | D:4      | Reached skill level 1 in Necromancy
  4736 | D:4      | Reached skill level 1 in Poison Magic
  4753 | D:4      | Reached skill level 1 in Air Magic
  4753 | D:4      | Reached skill level 1 in Evocations
  4753 | D:4      | Reached XP level 6. HP: 19/34 MP: 15/17
  5264 | D:4      | Reached skill level 7 in Spellcasting
  5694 | D:5      | Entered Level 5 of the Dungeon
  5803 | D:5      | Identified the +10 hand axe of Armageddon {drain, Int+3}
  5810 | D:5      | Reached XP level 7. HP: 36/39 MP: 15/20
  5963 | D:5      | Found a sparkling altar of Nemelex Xobeh.
  6506 | D:6      | Noticed Edmund
  6536 | D:6      | Reached skill level 8 in Spellcasting
  6553 | D:6      | Killed Edmund
  6792 | D:6      | Reached XP level 8. HP: 44/44 MP: 16/22
  6803 | D:6      | Reached skill level 9 in Spellcasting
  7049 | D:6      | Reached skill level 5 in Conjurations
  7074 | D:6      | Reached skill level 10 in Spellcasting
  7404 | D:6      | Reached skill level 5 in Necromancy
  7641 | D:6      | Found a shimmering altar of Xom.
  7717 | D:7      | Found a sand-covered staircase.
  7723 | Ossuary  | Entered an ossuary
  7730 | Ossuary  | Offered knowledge of Searing Ray by Vehumet.
  7950 | Ossuary  | Reached *** piety under Vehumet
  8224 | D:7      | Reached XP level 9. HP: 38/48 MP: 25/25
  8259 | D:7      | Found an opulent altar of Gozag.
  8441 | D:7      | Reached skill level 11 in Spellcasting
  8618 | D:7      | Found a one-way gate to the infinite horrors of the Abyss.
  8662 | D:7      | Offered knowledge of Frozen Ramparts by Vehumet.
  8841 | D:7      | Found Ceimam's Antique Armour Shop.
  9278 | D:7      | Found a large runed translucent door.
  9278 | D:7      | Found a large runed translucent door.
  9283 | D:7      | Found a corrupted altar of Lugonu.
  9594 | D:8      | Noticed a troll
  9719 | D:7      | Learned a level 4 spell: Flame Wave
  9733 | D:8      | Reached skill level 12 in Spellcasting
  9852 | D:7      | Killed a troll
  9853 | D:7      | Reached skill level 1 in Fire Magic
 10019 | D:8      | Reached XP level 10. HP: 56/56 MP: 17/28
 10076 | D:8      | Reached **** piety under Vehumet
 10107 | D:8      | Found a transporter.
 10148 | D:8      | Found a transporter.
 10181 | D:8      | Noticed lessens's ghost (novice DsFi)
 10189 | D:8      | Learned a level 5 spell: Freezing Cloud
 10398 | D:9      | Noticed a two-headed ogre
 10418 | D:9      | Offered knowledge of Olgreb's Toxic Radiance by Vehumet.
 10575 | D:9      | Killed a two-headed ogre
 10576 | D:9      | Reached skill level 1 in Ice Magic
 10655 | D:9      | Reached skill level 13 in Spellcasting
 10791 | D:9      | Found a stormy altar of Qazlal.
 10793 | D:9      | Found a basalt altar of Yredelemnul.
 10793 | D:9      | Noticed a two-headed ogre
 10818 | D:9      | Killed a two-headed ogre
 10857 | D:9      | Found a broken altar of Ashenzari.
 11553 | D:10     | Entered Level 10 of the Dungeon
 11553 | D:10     | Noticed a two-headed ogre
 11557 | D:10     | Killed a two-headed ogre
 11558 | D:10     | Reached skill level 14 in Spellcasting
 11667 | D:10     | Reached XP level 11. HP: 61/61 MP: 22/31
 11677 | D:10     | Noticed a two-headed ogre
 11686 | D:10     | Killed a two-headed ogre
 11687 | D:10     | Reached skill level 1 in Shields
 11807 | D:10     | Identified the +2 short sword of Onie {freeze, Int+3}
 12442 | D:11     | Found a staircase to the Orcish Mines.
 12596 | D:11     | Noticed a boulder beetle
 12624 | D:11     | Killed a boulder beetle
 12625 | D:11     | Reached skill level 5 in Fire Magic
 12714 | D:11     | Noticed a death yak
 12718 | D:11     | Reached ***** piety under Vehumet
 12744 | D:11     | Reached skill level 15 in Spellcasting
 12745 | D:11     | Killed a death yak
 12745 | D:11     | Offered knowledge of Fireball by Vehumet.
 12754 | D:11     | Learned a level 5 spell: Fireball
 12842 | D:11     | You fall into a shaft and drop 1 floor!
 12865 | D:12     | Noticed Psyche
 12867 | D:12     | Killed Psyche
 12912 | D:12     | Noticed a deep elf pyromancer
 12915 | D:12     | Killed a deep elf pyromancer
 13079 | D:12     | Noticed a green ugly thing
 13094 | D:12     | Killed a green ugly thing
 13186 | D:11     | Found a staircase to the Lair.
 13483 | D:11     | Noticed Urug
 13502 | D:11     | Killed Urug
 13550 | D:12     | Noticed a boulder beetle
 13616 | D:12     | Reached skill level 16 in Spellcasting
 13624 | D:12     | Noticed a boulder beetle
 14040 | D:12     | Reached XP level 12. HP: 66/66 MP: 31/34
 14687 | D:12     | Killed a boulder beetle
 14688 | D:12     | Reached skill level 10 in Conjurations
 15039 | D:12     | Killed a boulder beetle
 15161 | D:12     | Reached skill level 17 in Spellcasting
 15251 | D:12     | Identified a scroll of acquirement
 15258 | D:12     | Acquired 636 gold pieces
 15273 | D:13     | Noticed a boulder beetle
 15587 | D:13     | Killed a boulder beetle
 15589 | D:13     | Reached skill level 5 in Shields
 16127 | D:13     | Reached skill level 18 in Spellcasting
 16369 | D:13     | Reached XP level 13. HP: 52/70 MP: 5/37
 17025 | D:13     | Found a gate to the Vaults.
 17658 | D:14     | Reached skill level 5 in Armour
 18513 | D:15     | Entered Level 15 of the Dungeon
 18669 | D:15     | Reached skill level 19 in Spellcasting
 19417 | D:15     | Found a staircase to the Depths.
 20197 | D:15     | Got the Directory of Intoxicating Adjuration
 20473 | Temple   | Entered the Ecumenical Temple
 20672 | Lair:1   | Entered Level 1 of the Lair of Beasts
 20859 | Lair:1   | Found a runed translucent door.
 20923 | Lair:1   | Identified the +4 scale mail of Pamiwn {+Inv Will- Regen+
                  | Stlth+}
 20978 | Lair:1   | Reached skill level 10 in Fire Magic
 21255 | Lair:1   | Reached XP level 14. HP: 76/76 MP: 24/39
 21589 | Lair:1   | Noticed jasper's ghost (journeyman SpEE)
 21630 | Lair:2   | Noticed lunkers's ghost (journeyman MeSh)
 21630 | Lair:2   | Found a runed translucent door.
 21643 | Lair:1   | Reached skill level 20 in Spellcasting
 22212 | Lair:2   | Learned a level 3 spell: Stone Arrow
 22323 | Lair:2   | Reached skill level 1 in Earth Magic
 22519 | Lair:2   | Learned a level 3 spell: Swiftness
 22735 | Lair:2   | Killed lunkers's ghost
 23697 | Lair:3   | Found a staircase to the Snake Pit.
 23849 | Lair:3   | Found a staircase to the Shoals.
 24164 | Lair:4   | Reached skill level 5 in Fighting
 24168 | Lair:4   | Offered knowledge of Irradiate by Vehumet.
 24180 | Lair:3   | Learned a level 5 spell: Irradiate
 24746 | Lair:4   | You fall into a shaft and drop 1 floor!
 24746 | Lair:5   | Entered Level 5 of the Lair of Beasts
 24761 | Lair:5   | Reached skill level 1 in Transmutations
 24773 | Lair:5   | Reached skill level 21 in Spellcasting
 24987 | Lair:4   | Identified the ring "Vaceimum" {MP+9 Dex+6}
 25778 | Lair:5   | Found a viscous altar of Jiyva.
 25852 | Lair:5   | Found a staircase to the Slime Pits.
 25901 | Lair:5   | Reached ****** piety under Vehumet
 25901 | Lair:5   | Offered knowledge of Arcjolt by Vehumet.
 25904 | Lair:5   | Reached XP level 15. HP: 84/84 MP: 42/42
 26344 | Lair:5   | Reached skill level 22 in Spellcasting
 26529 | Lair:5   | Identified the staff "Tusm" {rC+ SInv Ice Earth}
 26881 | Lair:1   | Killed jasper's ghost
 27091 | D:3      | Killed anansati's ghost
 27339 | D:8      | Killed lessens's ghost
 27580 | Temple   | Learned a level 8 spell: Ignition
 27747 | Orc:1    | Entered Level 1 of the Orcish Mines
 27762 | Orc:1    | Noticed Sonja
 27763 | Orc:1    | Killed Sonja
 27987 | Orc:2    | Entered Level 2 of the Orcish Mines
 28256 | Orc:2    | Found a staircase to the Elven Halls.
 28561 | Orc:2    | Found Agaod's Jewellery Boutique.
 28565 | Orc:1    | Offered knowledge of Lee's Rapid Deconstruction by Vehumet.
 28770 | Orc:1    | Found a runed translucent door.
 28945 | Orc:2    | Found Plog's Antique Armour Shoppe.
 29167 | Orc:2    | Found a runed translucent door.
 29494 | Orc:2    | Found Furyavva's Antique Armour Shop.
 29856 | Orc:2    | Found Kishrepnu's Antique Armour Shoppe.
 29871 | Orc:2    | Found Ororphar's Antique Weapon Emporium.
 30322 | Orc:2    | Bought an amulet of magic regeneration for 510 gold pieces
 30322 | Orc:2    | Bought a ring of flight for 297 gold pieces
 30333 | Orc:2    | Learned a level 5 spell: Lee's Rapid Deconstruction
 30478 | Shoals:1 | Entered Level 1 of the Shoals
 30577 | Shoals:1 | Found a transporter.
 30581 | Shoals:1 | Found a transporter.
 30640 | Shoals:1 | Found a transporter.
 30642 | Shoals:1 | Found a transporter.
 30677 | Shoals:1 | Offered knowledge of Spellforged Servitor by Vehumet.
 30714 | Shoals:1 | Found a transporter.
 30717 | Shoals:1 | Found a transporter.
 30783 | Shoals:1 | Acquired a +2 pair of boots of stealth
 31520 | Shoals:2 | Reached skill level 23 in Spellcasting
 31777 | Shoals:2 | Reached XP level 16. HP: 89/89 MP: 30/45
 32504 | Shoals:3 | Noticed Nikola
 32508 | Shoals:3 | Noticed Polyphemus
 32678 | Shoals:3 | Killed from afar by Nikola

Illustrated notes

Levels and vault maps discovered:
D:1:      dpeg_arrival_shelter, layout_basic
D:2:      layout_basic, basic_altar, minmay_box_of_dots
D:3:      layout_loops_ring, nicolae_ecumenical_pavilion,
          hellmonk_ghost_happy_afterlife, minmay_lizard_king
D:4:      layout_basic, minmay_temple_entry_overgrown
D:5:      layout_basic, nemelex_spade_bored_becter, amethyst_killhole
D:6:      minmay_inner_zag, layout_basic, mainiacjoe_overflow_alcove_4,
          minmay_starry_boxes, uniq_edmund
D:7:      due_chaos_kobolds, layout_loops_corners,
          nicolae_overflow_crystal_walls, enter_ossuary_5, serial_shops, shop,
          minivault_23
D:8:      layout_cave_pools, gammafunk_ghost_abyssal_escape,
          corexii_corridor_pit
D:9:      layout_loops_ring, grunt_temple_overflow_open
D:10:     layout_cave_pools, eino_small_chamber_without_monster
D:11:     layout_roguey, david_lair_generic, orc_0_dummy, uniq_urug
D:12:     cheibrodos_frozen_isle, layout_irregular_city, bh_walls_and_bars,
          uniq_psyche
D:13:     layout_gridville, david_vaults_1, serial_undead, serial_undead_c,
          serial_undead_e, serial_undead_a, serial_undead_f, serial_undead_c
D:14:     layout_loops_ring, serial_ice, serial_ice_k, serial_ice_h,
          serial_ice_d, serial_ice_n
D:15:     grunt_enter_depths_hoard, layout_stronghold,
          hangedman_abyss_or_decor_lesser_grid, minmay_hollow_rounded_squares
Temple:   nicolae_temple_bog_church
Lair:1:   layout_regular_city, serial_bayou, serial_bayou_pond_c,
          serial_bayou_lagoon_a, serial_bayou_lagoon_b, serial_bayou_pond_d,
          gammafunk_ghost_grave
Lair:2:   layout_misc_corridors, gammafunk_ghost_grave, grunt_megastairs_1,
          lemuel_fruit_tree
Lair:3:   layout_regular_city, elwin_shoals_entry_stream,
          minmay_snake_entry_guardpost_medium, infiniplex_staircase_pool
Lair:4:   layout_misc_corridors, st_stairs_12, beast_lair_carwin_2,
          lemuel_fruit_fields
Lair:5:   grunt_lair_end_beastmaster, layout_cave_pods,
          minmay_slime_entry_pillars
Shoals:1: layout_shoals, serial_nicolae_subway, nicolae_sub_station_stone,
          nicolae_sub_station_metal, nicolae_sub_station_crystal
Shoals:2: layout_shoals
Shoals:3: layout_shoals, nicolae_shoals_sun_and_surf, uniq_polyphemus,
          uniq_kirke, uniq_nikola
Orc:1:    dreamdust_dug_too_deep, layout_caves, uniq_sonja
Orc:2:    grunt_orc_community_town_hall, layout_caves,
          grunt_orc_community_big_house_1, grunt_orc_community_big_house_2,
          grunt_orc_community_house_2, grunt_orc_community_house_1,
          grunt_orc_community_house_3, grunt_orc_community_house_1,
          grunt_orc_community_house_3, serial_shops,
          nicolae_shop_window_shopping, lightli_church_of_beogh

Skill      XL: |  1  2  3  4  5  6  7  8  9 10 11 12 13 14 15 16 |
---------------+-------------------------------------------------+-----
Spellcasting   | 5 6 7 8 10 12 14 16 18 19 21 23 | 23.6
Fighting       | 1 2 3 4 5 6 |  6.7
Armour         | 1 3 4 6 |  6.2
Conjurations   | 2 3 4 5 7 8 9 10 12 13 14 | 14.6
Dodging        | 3 |  3.0
Stealth        | 3 |  3.1
Necromancy     | 1 2 3 5 6 7 |  7.2
Poison Magic   | 1 |  1.0
Air Magic      | 1 |  1.0
Evocations     | 1 |  1.0
Fire Magic     | 1 4 6 8 10 11 12 13 | 13.0
Ice Magic      | 2 |  2.3
Shields        | 3 5 6 |  6.3
Earth Magic    | 1 |  1.0
Transmutations | 2 |  2.0
Summonings     | |  1.1
Translocations | |  1.1

Action                     |  1- 3 |  4- 6 |  7- 9 | 10-12 | 13-15 | 16-18 || total
---------------------------+-------+-------+-------+-------+-------+-------++-------
  Melee: Hand axe          |    35 |    97 |   144 |    89 |       |       ||   365
         Punch             |       |     3 |     2 |     2 |       |       ||     7
         Staff             |       |       |       |       |    27 |       ||    27
  Throw: Dart              |       |     3 |       |       |       |       ||     3
   Cast: Magic Dart        |   109 |   106 |   205 |    58 |       |       ||   478
         Call Imp          |     1 |     4 |     7 |       |     2 |       ||    14
         Mephitic Cloud    |       |    15 |    26 |    34 |     5 |       ||    80
         Blink             |       |     3 |     2 |     4 |     5 |       ||    14
         Flame Wave        |       |       |     6 |    14 |     2 |       ||    22
         Freezing Cloud    |       |       |       |    24 |     8 |     5 ||    37
         Fireball          |       |       |       |   135 |   514 |    49 ||   698
         Stone Arrow       |       |       |       |       |    19 |     3 ||    22
         Irradiate         |       |       |       |       |     1 |       ||     1
  Evoke: Wand              |       |       |       |     4 |     2 |       ||     6
    Use: Scroll            |       |       |       |    21 |    11 |       ||    32
         Potion            |       |       |       |       |       |     1 ||     1
   Stab: Sleeping          |     2 |     1 |       |       |       |       ||     3
         Confused          |       |    10 |    19 |    14 |     1 |       ||    44
         Distracted        |       |     1 |     1 |       |       |       ||     2
 Armour: Robe              |    22 |    16 |    42 |       |       |       ||    80
         Troll leather arm |       |       |     5 |    38 |    29 |     1 ||    73
  Dodge: Dodged            |    60 |    78 |   101 |    67 |    49 |     2 ||   357
  Block: Buckler           |       |       |       |     5 |    27 |     1 ||    33

Table legend: (Time is in decaauts)
 A = Elapsed time spent in this place.
 B = Non-inter-level travel time spent in this place.
 C = Inter-level travel time spent in this place.
 D = Time resting spent in this place.
 E = Time spent auto-exploring this place.
 F = Levels seen in this place.
 G = Mean time per level.
                   A        B        C        D        E       F      G
               +--------+--------+--------+--------+--------+-----+--------+
         Total |  32966 |  30678 |   2288 |   3262 |  23004 |  27 | 1221.0 |
       Dungeon |  21158 |  19387 |   1771 |   2455 |  13948 |  15 | 1410.5 |
        Temple |     64 |     58 |      6 |      0 |      0 |   1 |   64.0 |
          Lair |   6352 |   6023 |    329 |    579 |   4794 |   5 | 1270.4 |
        Shoals |   2313 |   2233 |     80 |     68 |   1886 |   3 |  771.0 |
  Orcish Mines |   2604 |   2504 |    100 |    160 |   2008 |   2 | 1302.0 |
       Ossuary |    472 |    472 |      0 |      0 |    367 |   1 |  472.0 |
               +--------+--------+--------+--------+--------+-----+--------+

Top non-repeatable levels by time:
    D:12: 2832 daAuts
   Orc:2: 1920 daAuts
    D:15: 1748 daAuts
     D:7: 1747 daAuts
  Lair:5: 1731 daAuts
     D:4: 1726 daAuts
     D:1: 1625 daAuts
     D:6: 1484 daAuts
  Lair:3: 1435 daAuts
  Lair:1: 1327 daAuts
    D:13: 1306 daAuts
     D:3: 1277 daAuts
     D:2: 1274 daAuts
    D:11: 1181 daAuts
Shoals:2: 1165 daAuts
